Canucks vs Flames

Created - 17 novembre 2015 at 00:11

Goals
1 2 3 T
Canucks 1 1 1 3
Flames 1 1 2 4
Shots
1 2 3 T
Canucks 9 12 11 32
Flames 8 8 10 26

1st period

1. Flames , Milan Hejduk 4 (Patrik Berglund) at 7:06
2. Canucks , Matt Stajan 5 (Jaromir Jagr) at 9:41 (PP)

Penalties :
Kent Huskins (Van) for Tripping (Minor) at 3:27, Milan Hejduk (Cal) for Goalie Interference (Minor) at 9:36, Peter Worrell (Van) for High sticking (Minor) at 12:09, Jordin Tootoo (Cal) for Tripping (Minor) at 14:48, Milan Hejduk (Cal) for Holding (Minor) at 17:00

2nd period

3. Flames , David Backes 8 (Alexander Semin, Eric Staal) at 11:52 (PP)
4. Canucks , Jaromir Jagr 6 (Peter Worrell) at 13:37

Penalties :
Clarke MacArthur (Van) for Hooking (Minor) at 4:38, Tomas Plekanec (Van) for Hooking (Minor) at 10:14, Nikolai Zherdev (Van) for Hooking (Minor) at 14:13

3rd period

5. Flames , Marcel Goc 5 (Mark Bell, Jordin Tootoo) at 2:48
6. Canucks , Sami Lepisto 1 (Nikolai Zherdev, Tomas Plekanec) at 5:24 (PP)
7. Flames , Colin Wilson 3 (Craig Adams, Derek Meech) at 10:05

Penalties :
Filip Kuba (Cal) for Tripping (Minor) at 0:19, Filip Kuba (Cal) for High sticking (Minor) at 4:54, Tomas Plekanec (Van) for Hooking (Minor) at 7:40, Jordin Tootoo (Cal) for Holding (Minor) at 15:00

Goalie Stats

Chad Johnson (Van), 22 saves from 26 shots - (0,846), L, 3-4-0, 60:00 minutes
Pekka Rinne (Cal), 29 saves from 32 shots - (0,906), W, 10-4-2, 60:00 minutes

Players Stats for Canucks

Player Name              G  A  P  +/- PIM S  H  SB GA TA FO     MP     PP MP  PK MP  
------------------------------------------------------------------------------------
Alex Goligoski           0  0  0   0  0   4  3  1  2  0  0/0    29:33   5:07   7:38 
Alex Tanguay             0  0  0  -2  0   1  1  0  0  0  0/0    10:07   0:27   0:50 
Antti Miettinen          0  0  0   0  0   0  0  0  0  0  0/0     6:10   0:00   0:00 
Clarke MacArthur         0  0  0  -1  2   2  2  0  0  0  2/2    17:34   3:51   2:52 
Daniel Paille            0  0  0   0  0   0  2  1  0  0  0/0     8:24   0:00   1:43 
David Jones              0  0  0  -2  0   1  2  0  0  0  1/1     8:29   0:00   0:00 
Jaromir Jagr             1  1  2   1  0   4  2  1  0  0  1/1    25:52   4:25   7:15 
Karl Alzner              0  0  0   0  0   0  1  0  0  2  0/0    10:35   0:00   0:28 
Kent Huskins             0  0  0  -2  2   0  1  1  0  3  0/0    19:52   3:24   3:27 
Kyle Cumiskey            0  0  0   0  0   0  0  0  0  0  0/0    10:07   0:00   0:00 
Matt Stajan              1  0  1   1  0   4  1  2  0  0  17/40  26:00   4:24   7:14 
Maxim Lapierre           0  0  0  -2  0   6  3  0  0  0  1/3     8:58   0:16   0:10 
Nikolai Zherdev          0  1  1  -1  2   2  0  0  1  0  2/3    14:23   3:51   0:00 
Olli Jokinen             0  0  0   0  0   0  0  0  0  0  0/0     6:10   0:00   0:00 
Peter Worrell            0  1  1   1  2   3  4  0  1  2  0/1    21:51   4:28   3:02 
Sami Lepisto             1  0  1  -2  0   2  0  1  0  0  0/0    20:20   3:24   3:55 
Tom Poti                 0  0  0   0  0   2  1  2  0  0  0/0    29:33   5:07   7:38 
Tomas Plekanec           0  1  1  -1  4   1  0  0  0  1  5/11   14:23   3:51   0:00 

Players Stats for Flames

Player Name              G  A  P  +/- PIM S  H  SB GA TA FO     MP     PP MP  PK MP  
------------------------------------------------------------------------------------
Alexander Semin          0  1  1  -1  0   2  1  0  3  0  1/2    21:31   7:14   1:12 
Brad Marchand            0  0  0   1  0   1  1  0  1  0  0/0     7:13   0:00   0:00 
Colin Wilson             1  0  1   1  0   2  0  0  0  0  2/4     7:24   0:00   0:11 
Craig Adams              0  1  1   1  0   2  0  0  0  0  1/1    12:07   0:00   4:52 
David Backes             1  0  1  -1  0   2  1  0  0  0  1/2    22:28   7:14   2:07 
Derek Meech              0  1  1   2  0   0  0  0  0  0  0/0    18:28   3:09   5:10 
Eric Staal               0  1  1  -1  0   2  2  0  2  0  19/36  25:00   7:14   4:42 
Erik Johnson             0  0  0  -1  0   3  0  0  0  0  0/0    20:13   8:24   0:00 
Filip Kuba               0  0  0   1  4   2  0  1  0  1  0/0    23:55   8:24   0:00 
Joe Corvo                0  0  0  -1  0   0  0  1  0  0  0/0    17:43   0:00   3:21 
Jordin Tootoo            0  1  1   1  4   2  2  0  1  0  0/0    16:26   4:19   1:12 
Marcel Goc               1  0  1   1  0   2  0  0  0  1  6/9    13:39   0:00   2:46 
Mark Bell                0  1  1   1  0   1  0  0  0  0  0/0    15:07   4:19   0:00 
Milan Hejduk             1  0  1   1  4   1  0  0  0  0  0/1     8:40   0:00   0:00 
Patrik Berglund          0  1  1   1  0   1  0  0  0  0  3/7    13:02   4:19   0:00 
Ron Hainsey              0  0  0   2  0   1  0  2  0  1  0/0    16:29   3:09   3:21 
Steve Eminger            0  0  0   1  0   1  0  1  1  1  0/0    23:18   0:00   5:10 
Steve Regier             0  0  0   1  0   1  5  0  0  0  0/0     8:40   0:00   0:00 

3 Stars

1 - Jaromir Jagr (Van)
2 - Matt Stajan (Van)
3 - Colin Wilson (Cal)

Power Play

Canucks - 2 on 6 Attempt(s) - 33,33%
Flames - 1 on 6 Attempt(s) - 16,67%

Penalty Kill

Canucks - 5 on 6 Attempt(s) - 83,33% - Score 0 goal in Penalty Kill
Flames - 4 on 6 Attempt(s) - 66,67% - Score 0 goal in Penalty Kill

Team Stat

Canucks - Hits : 23 - Faceoff Wins : 29 - Blocked Shots : 9 - Penalty Minutes : 12
Flames - Hits : 12 - Faceoff Wins : 33 - Blocked Shots : 5 - Penalty Minutes : 12

Official

Referees : Martell Rob and Walsh Ian
Linesman : Scott Driscoll and Jean Morin

Game Notes

No Game Note

Finance

Level 1 -- Attendance: 4955 (82,58%) -- Ticket Income 440 995 $
Level 2 -- Attendance: 3538 (70,76%) -- Ticket Income 212 280 $
Level 3 -- Attendance: 1564 (78,20%) -- Ticket Income 54 740 $
Level 4 -- Attendance: 2722 (68,05%) -- Ticket Income 73 494 $
Luxury Box -- Attendance: 653 (65,30%) -- Ticket Income 137 783 $
Game was played at the Metal Center'
Total Attendance: 13432 (74,62%)
Total Ticket Income: 919 292 $
Other Income: 137 894 $
Total Income: 1 057 186 $

Canucks

5 vs 5 Forward 
   Center                   Left Wing                Right Wing               Time % Phy DF OF 
 1 Matt Stajan              Peter Worrell            Jaromir Jagr             40     1   2  2  
 2 Tomas Plekanec           Clarke MacArthur         Nikolai Zherdev          30     1   2  2  
 3 Maxim Lapierre           Alex Tanguay             David Jones              20     1   2  2  
 4 Olli Jokinen             Daniel Paille            Antti Miettinen          10     1   2  2  

5 vs 5 Defense 
   Defense                  Defense                                           Time % Phy DF OF 
 1 Alex Goligoski           Tom Poti                                          40     1   2  2  
 2 Sami Lepisto             Kent Huskins                                      30     1   2  2  
 3 Kyle Cumiskey            Karl Alzner                                       20     1   2  2  
 4 Alex Goligoski           Tom Poti                                          10     1   2  2  

PowerPlay Forward 
   Center                   Left Wing                Right Wing               Time % Phy DF OF 
 1 Matt Stajan              Peter Worrell            Jaromir Jagr             60     1   2  2  
 2 Tomas Plekanec           Clarke MacArthur         Nikolai Zherdev          40     1   2  2  

PowerPlay Defense
   Defense                  Defense                                           Time % Phy DF OF 
 1 Alex Goligoski           Tom Poti                                          60     1   2  2  
 2 Sami Lepisto             Kent Huskins                                      40     1   2  2  

Penalty Kill 4 Players Forward 
   Center                   Wing                     Time % Phy DF OF 
 1 Matt Stajan              Jaromir Jagr             60     1   2  2  
 2 Peter Worrell            Clarke MacArthur         40     1   2  2  

Penalty Kill 4 Players Defense
   Defense                  Defense                  Time % Phy DF OF 
 1 Alex Goligoski           Tom Poti                 60     1   2  2  
 2 Sami Lepisto             Kent Huskins             40     1   2  2  

Penalty Kill - 3 Players Forward 
   Forward                                           Time % Phy DF OF 
 1 Matt Stajan                                       60     1   2  2  
 2 Jaromir Jagr                                      40     1   2  2  

Penalty Kill - 3 Players Defense
   Defense                  Defense                  Time % Phy DF OF 
 1 Alex Goligoski           Tom Poti                 60     1   2  2  
 2 Sami Lepisto             Kent Huskins             40     1   2  2  

4 vs 4 Forward 
   Center                   Wing                     Time % Phy DF OF 
 1 Matt Stajan              Jaromir Jagr             60     1   2  2  
 2 Peter Worrell            Clarke MacArthur         40     1   2  2  

4 vs 4 Defense
   Defense                  Defense                  Time % Phy DF OF 
 1 Alex Goligoski           Tom Poti                 60     1   2  2  
 2 Sami Lepisto             Kent Huskins             40     1   2  2  

Last Minutes Offensive
   Center                   Left Wing                Right Wing               Defense                  Defense                  
   Matt Stajan              Peter Worrell            Jaromir Jagr             Alex Goligoski           Tom Poti                 

Last Minutes Defensive
   Center                   Left Wing                Right Wing               Defense                  Defense                  
   Matt Stajan              Peter Worrell            Jaromir Jagr             Alex Goligoski           Tom Poti                 

Goaltenders
Starting : Chad Johnson             
Backup : Carey Price              

Extra Forwards
Normal : Alex Tanguay, Maxim Lapierre, Daniel Paille - PP : Alex Tanguay, Maxim Lapierre - PK : Daniel Paille
Extra Defensemen
Normal : Kyle Cumiskey, Karl Alzner, Sami Lepisto - PP : Kyle Cumiskey - PK : Karl Alzner, Sami Lepisto
Penalty Shots
Matt Stajan, Jaromir Jagr, Peter Worrell, Clarke MacArthur, Tomas Plekanec

Flames

5 vs 5 Forward 
   Center                   Left Wing                Right Wing               Time % Phy DF OF 
 1 Eric Staal               Alexander Semin          David Backes             38     1   2  2  
 2 Marcel Goc               Mark Bell                Jordin Tootoo            31     1   2  2  
 3 Patrik Berglund          Steve Regier             Milan Hejduk             21     1   2  2  
 4 Colin Wilson             Brad Marchand            Craig Adams              10     1   2  2  

5 vs 5 Defense 
   Defense                  Defense                                           Time % Phy DF OF 
 1 Filip Kuba               Steve Eminger                                     40     1   2  2  
 2 Joe Corvo                Erik Johnson                                      30     1   2  2  
 3 Derek Meech              Ron Hainsey                                       20     1   2  2  
 4 Joe Corvo                Steve Eminger                                     10     1   2  2  

PowerPlay Forward 
   Center                   Left Wing                Right Wing               Time % Phy DF OF 
 1 Eric Staal               Alexander Semin          David Backes             60     1   2  2  
 2 Patrik Berglund          Mark Bell                Jordin Tootoo            40     1   2  2  

PowerPlay Defense
   Defense                  Defense                                           Time % Phy DF OF 
 1 Filip Kuba               Erik Johnson                                      60     1   2  2  
 2 Derek Meech              Ron Hainsey                                       40     1   2  2  

Penalty Kill 4 Players Forward 
   Center                   Wing                     Time % Phy DF OF 
 1 Eric Staal               Craig Adams              60     1   3  1  
 2 Marcel Goc               Jordin Tootoo            40     1   3  1  

Penalty Kill 4 Players Defense
   Defense                  Defense                  Time % Phy DF OF 
 1 Derek Meech              Steve Eminger            60     1   3  1  
 2 Joe Corvo                Ron Hainsey              40     1   3  1  

Penalty Kill - 3 Players Forward 
   Forward                                           Time % Phy DF OF 
 1 Eric Staal                                        60     1   4  0  
 2 David Backes                                      40     1   4  0  

Penalty Kill - 3 Players Defense
   Defense                  Defense                  Time % Phy DF OF 
 1 Derek Meech              Steve Eminger            60     1   4  0  
 2 Joe Corvo                Ron Hainsey              40     1   4  0  

4 vs 4 Forward 
   Center                   Wing                     Time % Phy DF OF 
 1 Eric Staal               Alexander Semin          60     1   2  2  
 2 Marcel Goc               David Backes             40     1   2  2  

4 vs 4 Defense
   Defense                  Defense                  Time % Phy DF OF 
 1 Derek Meech              Steve Eminger            60     1   2  2  
 2 Filip Kuba               Erik Johnson             40     1   2  2  

Last Minutes Offensive
   Center                   Left Wing                Right Wing               Defense                  Defense                  
   Eric Staal               Alexander Semin          David Backes             Filip Kuba               Erik Johnson             

Last Minutes Defensive
   Center                   Left Wing                Right Wing               Defense                  Defense                  
   Eric Staal               Alexander Semin          David Backes             Filip Kuba               Steve Eminger            

Goaltenders
Starting : Pekka Rinne              
Backup : Craig Anderson           

Extra Forwards
Normal : Alexander Semin, Craig Adams, Steve Regier - PP : Jordin Tootoo, Steve Regier - PK : David Backes
Extra Defensemen
Normal : Erik Johnson, Joe Corvo, Ron Hainsey - PP : Filip Kuba - PK : Erik Johnson, Ron Hainsey
Penalty Shots
Eric Staal, Alexander Semin, David Backes, Colin Wilson, Patrik Berglund

% Time on Ice - Canucks

Lines # - Real PCT - Wanted PCT - Time Play
Normal Forward
1 - 35% - 40% - 13:34
2 - 27% - 30% - 10:34
3 - 22% - 20% - 8:29
4 - 16% - 10% - 6:10
Normal Defense
1 - 41% - 40% - 16:02
2 - 34% - 30% - 13:01
3 - 24% - 20% - 9:17
4 - 1% - 10% - 0:27
PP Forward
1 - 55% - 60% - 4:40
2 - 45% - 40% - 3:51
PP Defense
1 - 60% - 60% - 5:07
2 - 40% - 40% - 3:24
PK Forward
1 - 69% - 60% - 7:59
2 - 31% - 40% - 3:34
PK Defense
1 - 66% - 60% - 7:38
2 - 34% - 40% - 3:55
PK3 Forward
1 - 0% - 60%
2 - 0% - 40%
PK3 Defense
1 - 0% - 60%
2 - 0% - 40%
44 Forward
1 - 0% - 60%
2 - 0% - 40%
44 Defense
1 - 0% - 60%
2 - 0% - 40%
Last Minute Offensive  - 1:09
Last Minute Defensive  - 0:00
Total
Forward - 60:00
Defense - 60:00

% Time on Ice - Flames

Lines # - Real PCT - Wanted PCT - Time Play
Normal Forward
1 - 31% - 38% - 11:54
2 - 28% - 31% - 10:56
3 - 22% - 21% - 8:40
4 - 19% - 10% - 7:13
Normal Defense
1 - 38% - 40% - 14:52
2 - 32% - 30% - 12:33
3 - 22% - 20% - 8:31
4 - 7% - 10% - 2:47
PP Forward
1 - 63% - 60% - 7:14
2 - 37% - 40% - 4:19
PP Defense
1 - 73% - 60% - 8:24
2 - 27% - 40% - 3:09
PK Forward
1 - 73% - 60% - 6:15
2 - 27% - 40% - 2:16
PK Defense
1 - 61% - 60% - 5:10
2 - 39% - 40% - 3:21
PK3 Forward
1 - 0% - 60%
2 - 0% - 40%
PK3 Defense
1 - 0% - 60%
2 - 0% - 40%
44 Forward
1 - 0% - 60%
2 - 0% - 40%
44 Defense
1 - 0% - 60%
2 - 0% - 40%
Last Minute Offensive  - 0:00
Last Minute Defensive  - 1:13
Total
Forward - 60:00
Defense - 60:00

Play by Play

1st period


0:01 of 1st period - Matt Stajan wins face-off versus Eric Staal in neutral zone.
0:43 of 1st period - Jordin Tootoo is hit by Alex Goligoski and loses puck.
1:04 of 1st period - Alex Tanguay is hit by Steve Regier and loses puck.
1:21 of 1st period - Wrist shot by Matt Stajan.
1:21 of 1st period - Shot Misses the Net.
1:59 of 1st period - Snap shot by Alex Tanguay.
1:59 of 1st period - Deflect By Ron Hainsey.
1:59 of 1st period - Stopped by Pekka Rinne with a rebound.
2:09 of 1st period - Slapshot by Patrik Berglund.
2:09 of 1st period - Stopped by Chad Johnson without a rebound.
2:10 of 1st period - Nikolai Zherdev wins face-off versus Patrik Berglund in Canucks zone.
2:46 of 1st period - Slapshot by Matt Stajan.
2:46 of 1st period - Deflect By Jaromir Jagr.
2:46 of 1st period - Shot Misses the Net.
2:46 of 1st period - Puck is out of play.
2:47 of 1st period - Marcel Goc wins face-off versus Matt Stajan in Flames zone.
2:52 of 1st period - Slapshot by Marcel Goc.
2:52 of 1st period - Shot Misses the Net.
2:54 of 1st period - Wrist shot by Mark Bell.
2:54 of 1st period - Stopped by Chad Johnson with a rebound.
2:56 of 1st period - Wrist shot by Mark Bell.
2:56 of 1st period - Shot Blocked by Tom Poti.
3:12 of 1st period - David Backes is hit by David Jones and loses puck.
3:27 of 1st period - Minor Penalty to Kent Huskins for Tripping.
3:28 of 1st period - Eric Staal wins face-off versus Matt Stajan in Canucks zone.
3:42 of 1st period - Icing by Alexander Semin.
3:43 of 1st period - Matt Stajan wins face-off versus Eric Staal in Flames zone.
3:48 of 1st period - Wrist shot by Jaromir Jagr.
3:48 of 1st period - Shot Misses the Net.
4:15 of 1st period - Slapshot by David Backes.
4:15 of 1st period - Shot Misses the Net.
4:17 of 1st period - Wrist shot by David Backes.
4:17 of 1st period - Shot Misses the Net.
4:19 of 1st period - Slapshot by Filip Kuba.
4:19 of 1st period - Shot Misses the Net.
4:23 of 1st period - Wrist shot by Eric Staal.
4:23 of 1st period - Stopped by Chad Johnson without a rebound.
4:24 of 1st period - Patrik Berglund wins face-off versus Peter Worrell in Canucks zone.
5:27 of 1st period - Penalty to Kent Huskins is over, Kent Huskins is back on ice.
5:41 of 1st period - Snap shot by Alex Tanguay.
5:41 of 1st period - Shot Misses the Net.
5:43 of 1st period - Slapshot by Tom Poti.
5:43 of 1st period - Shot Blocked by Filip Kuba.
7:00 of 1st period - Wrist shot by Patrik Berglund.
7:00 of 1st period - Deflect By Milan Hejduk.
7:00 of 1st period - Shot Misses the Net.
7:00 of 1st period - Puck is out of play.
7:01 of 1st period - Patrik Berglund wins face-off versus Tomas Plekanec in Canucks zone.
7:06 of 1st period - Slapshot by Milan Hejduk.
7:06 of 1st period - Goal by Milan Hejduk - Canucks : 0 - Flames : 1.
7:07 of 1st period - Matt Stajan wins face-off versus Eric Staal in neutral zone.
7:18 of 1st period - Snap shot by Peter Worrell.
7:18 of 1st period - Stopped by Pekka Rinne without a rebound.
7:19 of 1st period - Marcel Goc wins face-off versus Matt Stajan in Flames zone.
7:26 of 1st period - Icing by Tom Poti.
7:27 of 1st period - Matt Stajan wins face-off versus Marcel Goc in Canucks zone.
8:38 of 1st period - Snap shot by Jaromir Jagr.
8:38 of 1st period - Shot Misses the Net.
8:52 of 1st period - Snap shot by Jordin Tootoo.
8:52 of 1st period - Shot Misses the Net.
9:12 of 1st period - David Backes is hit by Kent Huskins and loses puck.
9:27 of 1st period - Snap shot by Maxim Lapierre.
9:27 of 1st period - Stopped by Pekka Rinne with a rebound.
9:36 of 1st period - Minor Penalty to Milan Hejduk for Goalie Interference.
9:37 of 1st period - Matt Stajan wins face-off versus Eric Staal in Flames zone.
9:41 of 1st period - Wrist shot by Matt Stajan.
9:41 of 1st period - Goal by Matt Stajan - Canucks : 1 - Flames : 1.
9:42 of 1st period - Matt Stajan wins face-off versus Eric Staal in neutral zone.
10:06 of 1st period - Icing by Matt Stajan.
10:07 of 1st period - Tomas Plekanec wins face-off versus Marcel Goc in Canucks zone.
10:22 of 1st period - Backhand shot by Clarke MacArthur.
10:22 of 1st period - Shot Blocked by Joe Corvo.
10:32 of 1st period - Alexander Semin is hit by Peter Worrell.
10:52 of 1st period - Steve Regier is hit by Maxim Lapierre and loses puck.
11:01 of 1st period - Snap shot by Maxim Lapierre.
11:01 of 1st period - Shot Misses the Net.
11:19 of 1st period - Kyle Cumiskey is hit by Brad Marchand and loses puck.
11:26 of 1st period - Ron Hainsey is hit by Daniel Paille and loses puck.
12:09 of 1st period - Minor Penalty to Peter Worrell for High sticking.
12:10 of 1st period - Eric Staal wins face-off versus Matt Stajan in Canucks zone.
12:12 of 1st period - Snap shot by Eric Staal.
12:12 of 1st period - Stopped by Chad Johnson with a rebound.
12:14 of 1st period - Slapshot by Erik Johnson.
12:14 of 1st period - Shot Blocked by Tom Poti.
12:16 of 1st period - Slapshot by Erik Johnson.
12:16 of 1st period - Shot Misses the Net.
12:18 of 1st period - Slapshot by Filip Kuba.
12:18 of 1st period - Stopped by Chad Johnson without a rebound.
12:19 of 1st period - Matt Stajan wins face-off versus Eric Staal in Canucks zone.
12:36 of 1st period - Snap shot by Eric Staal.
12:36 of 1st period - Shot Misses the Net.
12:38 of 1st period - Wrist shot by Eric Staal.
12:38 of 1st period - Deflect By David Backes.
12:38 of 1st period - Stopped by Chad Johnson without a rebound.
12:39 of 1st period - Matt Stajan wins face-off versus Patrik Berglund in Canucks zone.
12:48 of 1st period - Snap shot by Matt Stajan.
12:48 of 1st period - Stopped by Pekka Rinne without a rebound.
12:49 of 1st period - Patrik Berglund wins face-off versus Matt Stajan in Flames zone.
13:02 of 1st period - Snap shot by Mark Bell.
13:02 of 1st period - Shot Misses the Net.
13:04 of 1st period - Slapshot by Erik Johnson.
13:04 of 1st period - Stopped by Chad Johnson with a rebound.
13:08 of 1st period - Wrist shot by Jordin Tootoo.
13:08 of 1st period - Deflect By Patrik Berglund.
13:08 of 1st period - Shot Blocked by Matt Stajan.
13:08 of 1st period - Puck is out of play.
13:09 of 1st period - David Backes wins face-off versus Matt Stajan in Canucks zone.
13:44 of 1st period - Patrik Berglund is hit by Daniel Paille.
14:09 of 1st period - Penalty to Peter Worrell is over, Peter Worrell is back on ice.
14:24 of 1st period - Ron Hainsey is hit by Matt Stajan and loses puck.
14:35 of 1st period - Slapshot by Alex Goligoski.
14:35 of 1st period - Stopped by Pekka Rinne with a rebound.
14:37 of 1st period - Snap shot by Tom Poti.
14:37 of 1st period - Shot Misses the Net.
14:39 of 1st period - Slapshot by Peter Worrell.
14:39 of 1st period - Shot Blocked by Ron Hainsey.
14:41 of 1st period - Wrist shot by Matt Stajan.
14:41 of 1st period - Shot Misses the Net.
14:43 of 1st period - Slapshot by Jaromir Jagr.
14:43 of 1st period - Stopped by Pekka Rinne without a rebound.
14:44 of 1st period - Tomas Plekanec wins face-off versus Marcel Goc in Flames zone.
14:48 of 1st period - Minor Penalty to Jordin Tootoo for Tripping.
14:49 of 1st period - Tomas Plekanec wins face-off versus Eric Staal in Flames zone.
14:51 of 1st period - Snap shot by Nikolai Zherdev.
14:51 of 1st period - Deflect By Tomas Plekanec.
14:51 of 1st period - Stopped by Pekka Rinne with a rebound.
14:53 of 1st period - Wrist shot by Clarke MacArthur.
14:53 of 1st period - Stopped by Pekka Rinne with a rebound.
14:55 of 1st period - Snap shot by Kent Huskins.
14:55 of 1st period - Shot Misses the Net.
15:23 of 1st period - Derek Meech is hit by Jaromir Jagr and loses puck.
16:12 of 1st period - Alexander Semin is hit by Clarke MacArthur and loses puck.
16:48 of 1st period - Penalty to Jordin Tootoo is over, Jordin Tootoo is back on ice.
17:00 of 1st period - Minor Penalty to Milan Hejduk for Holding.
17:01 of 1st period - Eric Staal wins face-off versus Matt Stajan in Flames zone.
17:37 of 1st period - Ron Hainsey is hit by Alex Goligoski and loses puck.
18:54 of 1st period - Craig Adams is hit by Maxim Lapierre and loses puck.
19:00 of 1st period - Penalty to Milan Hejduk is over, Milan Hejduk is back on ice.
19:37 of 1st period - Maxim Lapierre is hit by Jordin Tootoo and loses puck.
Goals for this period are 1 for Canucks vs 1 for Flames.
Shots for this period are 9 for Canucks vs 8 for Flames.

2nd period


0:01 of 2nd period - Eric Staal wins face-off versus Matt Stajan in neutral zone.
1:09 of 2nd period - Icing by Kent Huskins.
1:10 of 2nd period - Colin Wilson wins face-off versus Matt Stajan in Canucks zone.
1:11 of 2nd period - Wrist shot by Craig Adams.
1:11 of 2nd period - Stopped by Chad Johnson with a rebound.
1:57 of 2nd period - Alex Tanguay is hit by Jordin Tootoo and loses puck.
2:41 of 2nd period - Snap shot by Matt Stajan.
2:41 of 2nd period - Deflect By Peter Worrell.
2:41 of 2nd period - Stopped by Pekka Rinne with a rebound.
2:49 of 2nd period - Snap shot by Jaromir Jagr.
2:49 of 2nd period - Stopped by Pekka Rinne with a rebound.
3:21 of 2nd period - Steve Eminger is hit by Maxim Lapierre and loses puck.
3:58 of 2nd period - Snap shot by Mark Bell.
3:58 of 2nd period - Shot Misses the Net.
4:03 of 2nd period - Off-side.
4:04 of 2nd period - Matt Stajan wins face-off versus Eric Staal in neutral zone.
4:13 of 2nd period - Snap shot by Eric Staal.
4:13 of 2nd period - Shot Blocked by Alex Goligoski.
4:30 of 2nd period - Wrist shot by Patrik Berglund.
4:30 of 2nd period - Shot Misses the Net.
4:32 of 2nd period - Snap shot by Erik Johnson.
4:32 of 2nd period - Stopped by Chad Johnson with a rebound.
4:34 of 2nd period - Wrist shot by Milan Hejduk.
4:34 of 2nd period - Deflect By Steve Regier.
4:34 of 2nd period - Shot Misses the Net.
4:34 of 2nd period - Puck is out of play.
4:35 of 2nd period - Tomas Plekanec wins face-off versus Patrik Berglund in Canucks zone.
4:35 of 2nd period - Tomas Plekanec is hit by Steve Regier.
4:38 of 2nd period - Minor Penalty to Clarke MacArthur for Hooking.
4:39 of 2nd period - Matt Stajan wins face-off versus David Backes in Canucks zone.
4:39 of 2nd period - Matt Stajan is hit by Eric Staal.
4:44 of 2nd period - Slapshot by Tom Poti.
4:44 of 2nd period - Stopped by Pekka Rinne without a rebound.
4:45 of 2nd period - Matt Stajan wins face-off versus Eric Staal in Flames zone.
4:48 of 2nd period - Wrist shot by Matt Stajan.
4:48 of 2nd period - Shot Misses the Net.
4:50 of 2nd period - Snap shot by Matt Stajan.
4:50 of 2nd period - Deflect By Jaromir Jagr.
4:50 of 2nd period - Stopped by Pekka Rinne with a rebound.
6:38 of 2nd period - Penalty to Clarke MacArthur is over, Clarke MacArthur is back on ice.
6:55 of 2nd period - Wrist shot by Brad Marchand.
6:55 of 2nd period - Stopped by Chad Johnson without a rebound.
6:56 of 2nd period - Clarke MacArthur wins face-off versus Colin Wilson in Canucks zone.
7:23 of 2nd period - Wrist shot by Milan Hejduk.
7:23 of 2nd period - Shot Misses the Net.
8:00 of 2nd period - Backhand shot by Mark Bell.
8:00 of 2nd period - Deflect By Marcel Goc.
8:00 of 2nd period - Stopped by Chad Johnson with a rebound.
8:02 of 2nd period - Slapshot by Ron Hainsey.
8:02 of 2nd period - Stopped by Chad Johnson with a rebound.
8:34 of 2nd period - Alex Goligoski is hit by Steve Regier and loses puck.
8:45 of 2nd period - Slapshot by Patrik Berglund.
8:45 of 2nd period - Shot Misses the Net.
9:16 of 2nd period - Snap shot by Jaromir Jagr.
9:16 of 2nd period - Shot Misses the Net.
9:34 of 2nd period - Slapshot by Alex Goligoski.
9:34 of 2nd period - Stopped by Pekka Rinne without a rebound.
9:35 of 2nd period - Eric Staal wins face-off versus Tomas Plekanec in Flames zone.
9:35 of 2nd period - Eric Staal is hit by Clarke MacArthur.
9:40 of 2nd period - Filip Kuba is hit by Karl Alzner and loses puck.
10:09 of 2nd period - Wrist shot by Clarke MacArthur.
10:09 of 2nd period - Shot Misses the Net.
10:14 of 2nd period - Minor Penalty to Tomas Plekanec for Hooking.
10:15 of 2nd period - Eric Staal wins face-off versus Matt Stajan in Canucks zone.
10:17 of 2nd period - Wrist shot by David Backes.
10:17 of 2nd period - Shot Misses the Net.
10:19 of 2nd period - Snap shot by Eric Staal.
10:19 of 2nd period - Deflect By Tom Poti.
10:19 of 2nd period - Shot Misses the Net.
10:19 of 2nd period - Puck is out of play.
10:20 of 2nd period - Eric Staal wins face-off versus Matt Stajan in Canucks zone.
10:28 of 2nd period - Icing by Erik Johnson.
10:29 of 2nd period - Matt Stajan wins face-off versus Eric Staal in Flames zone.
10:34 of 2nd period - Wrist shot by Matt Stajan.
10:34 of 2nd period - Deflect By Erik Johnson.
10:34 of 2nd period - Stopped by Pekka Rinne with a rebound.
11:15 of 2nd period - Slapshot by Erik Johnson.
11:15 of 2nd period - Shot Blocked by Kent Huskins.
11:52 of 2nd period - Snap shot by David Backes.
11:52 of 2nd period - Goal by David Backes - Canucks : 1 - Flames : 2.
11:53 of 2nd period - Marcel Goc wins face-off versus Tomas Plekanec in neutral zone.
11:56 of 2nd period - Snap shot by Jordin Tootoo.
11:56 of 2nd period - Stopped by Chad Johnson without a rebound.
11:57 of 2nd period - Marcel Goc wins face-off versus Tomas Plekanec in Canucks zone.
11:58 of 2nd period - Snap shot by Jordin Tootoo.
11:58 of 2nd period - Shot Misses the Net.
12:44 of 2nd period - Steve Eminger is hit by Tom Poti and loses puck.
13:12 of 2nd period - Snap shot by David Jones.
13:12 of 2nd period - Shot Misses the Net.
13:37 of 2nd period - Snap shot by Jaromir Jagr.
13:37 of 2nd period - Goal by Jaromir Jagr - Canucks : 2 - Flames : 2.
13:38 of 2nd period - Eric Staal wins face-off versus Matt Stajan in neutral zone.
14:13 of 2nd period - Minor Penalty to Nikolai Zherdev for Hooking.
14:14 of 2nd period - Jaromir Jagr wins face-off versus Eric Staal in Canucks zone.
14:21 of 2nd period - Off-side.
14:22 of 2nd period - Matt Stajan wins face-off versus Eric Staal in neutral zone.
14:47 of 2nd period - Patrik Berglund is hit by Peter Worrell.
16:13 of 2nd period - Penalty to Nikolai Zherdev is over, Nikolai Zherdev is back on ice.
16:31 of 2nd period - Snap shot by Maxim Lapierre.
16:31 of 2nd period - Stopped by Pekka Rinne with a rebound.
16:33 of 2nd period - Wrist shot by Alex Tanguay.
16:33 of 2nd period - Shot Blocked by Ron Hainsey.
16:35 of 2nd period - Slapshot by Maxim Lapierre.
16:35 of 2nd period - Stopped by Pekka Rinne without a rebound.
16:36 of 2nd period - Colin Wilson wins face-off versus Maxim Lapierre in Flames zone.
16:49 of 2nd period - Snap shot by Maxim Lapierre.
16:49 of 2nd period - Stopped by Pekka Rinne with a rebound.
16:51 of 2nd period - Slapshot by Karl Alzner.
16:51 of 2nd period - Shot Misses the Net.
16:53 of 2nd period - Slapshot by Maxim Lapierre.
16:53 of 2nd period - Shot Misses the Net.
16:55 of 2nd period - Wrist shot by Maxim Lapierre.
16:55 of 2nd period - Stopped by Pekka Rinne without a rebound.
16:56 of 2nd period - Alexander Semin wins face-off versus Tomas Plekanec in Flames zone.
17:01 of 2nd period - Wrist shot by Alexander Semin.
17:01 of 2nd period - Stopped by Chad Johnson without a rebound.
17:02 of 2nd period - Eric Staal wins face-off versus Tomas Plekanec in Canucks zone.
17:03 of 2nd period - Snap shot by David Backes.
17:03 of 2nd period - Shot Blocked by Sami Lepisto.
18:01 of 2nd period - Maxim Lapierre is hit by Steve Regier and loses puck.
18:36 of 2nd period - Wrist shot by Clarke MacArthur.
18:36 of 2nd period - Stopped by Pekka Rinne with a rebound.
Goals for this period are 1 for Canucks vs 1 for Flames.
Shots for this period are 12 for Canucks vs 8 for Flames.

3rd period


0:01 of 3rd period - Eric Staal wins face-off versus Matt Stajan in neutral zone.
0:19 of 3rd period - Minor Penalty to Filip Kuba for Tripping.
0:20 of 3rd period - Matt Stajan wins face-off versus Eric Staal in Flames zone.
0:26 of 3rd period - Slapshot by Steve Eminger.
0:26 of 3rd period - Shot Misses the Net.
0:32 of 3rd period - Slapshot by Alex Goligoski.
0:32 of 3rd period - Stopped by Pekka Rinne without a rebound.
0:33 of 3rd period - Eric Staal wins face-off versus Matt Stajan in Flames zone.
2:19 of 3rd period - Penalty to Filip Kuba is over, Filip Kuba is back on ice.
2:38 of 3rd period - Snap shot by Steve Regier.
2:38 of 3rd period - Stopped by Chad Johnson without a rebound.
2:39 of 3rd period - Marcel Goc wins face-off versus Maxim Lapierre in Canucks zone.
2:48 of 3rd period - Snap shot by Marcel Goc.
2:48 of 3rd period - Goal by Marcel Goc - Canucks : 2 - Flames : 3.
2:49 of 3rd period - Eric Staal wins face-off versus Matt Stajan in neutral zone.
4:26 of 3rd period - Backhand shot by Craig Adams.
4:26 of 3rd period - Shot Blocked by Daniel Paille.
4:28 of 3rd period - Backhand shot by Craig Adams.
4:28 of 3rd period - Stopped by Chad Johnson with a rebound.
4:30 of 3rd period - Slapshot by Filip Kuba.
4:30 of 3rd period - Shot Misses the Net.
4:32 of 3rd period - Wrist shot by Steve Eminger.
4:32 of 3rd period - Stopped by Chad Johnson without a rebound.
4:33 of 3rd period - Eric Staal wins face-off versus Matt Stajan in Canucks zone.
4:34 of 3rd period - Wrist shot by David Backes.
4:34 of 3rd period - Shot Misses the Net.
4:54 of 3rd period - Minor Penalty to Filip Kuba for High sticking.
4:55 of 3rd period - Eric Staal wins face-off versus Matt Stajan in Flames zone.
5:06 of 3rd period - Slapshot by Tom Poti.
5:06 of 3rd period - Deflect By Eric Staal.
5:06 of 3rd period - Stopped by Pekka Rinne with a rebound.
5:08 of 3rd period - Wrist shot by Matt Stajan.
5:08 of 3rd period - Shot Blocked by Steve Eminger.
5:10 of 3rd period - Slapshot by Peter Worrell.
5:10 of 3rd period - Shot Misses the Net.
5:20 of 3rd period - Wrist shot by Tomas Plekanec.
5:20 of 3rd period - Shot Misses the Net.
5:22 of 3rd period - Wrist shot by Nikolai Zherdev.
5:22 of 3rd period - Stopped by Pekka Rinne with a rebound.
5:24 of 3rd period - Wrist shot by Sami Lepisto.
5:24 of 3rd period - Goal by Sami Lepisto - Canucks : 3 - Flames : 3.
5:25 of 3rd period - Eric Staal wins face-off versus Matt Stajan in neutral zone.
6:03 of 3rd period - Snap shot by Clarke MacArthur.
6:03 of 3rd period - Shot Misses the Net.
6:17 of 3rd period - Snap shot by David Jones.
6:17 of 3rd period - Stopped by Pekka Rinne with a rebound.
6:20 of 3rd period - Icing by Milan Hejduk.
6:21 of 3rd period - Matt Stajan wins face-off versus Milan Hejduk in Flames zone.
6:28 of 3rd period - Snap shot by Matt Stajan.
6:28 of 3rd period - Stopped by Pekka Rinne with a rebound.
6:30 of 3rd period - Slapshot by Peter Worrell.
6:30 of 3rd period - Shot Misses the Net.
6:54 of 3rd period - Snap shot by Nikolai Zherdev.
6:54 of 3rd period - Shot Misses the Net.
6:56 of 3rd period - Slapshot by Sami Lepisto.
6:56 of 3rd period - Stopped by Pekka Rinne without a rebound.
6:57 of 3rd period - Marcel Goc wins face-off versus Matt Stajan in Flames zone.
6:57 of 3rd period - Marcel Goc is hit by Peter Worrell.
7:31 of 3rd period - Karl Alzner is hit by Eric Staal and loses puck.
7:40 of 3rd period - Minor Penalty to Tomas Plekanec for Hooking.
7:41 of 3rd period - Eric Staal wins face-off versus Matt Stajan in Canucks zone.
7:50 of 3rd period - Snap shot by Eric Staal.
7:50 of 3rd period - Shot Misses the Net.
7:52 of 3rd period - Snap shot by Erik Johnson.
7:52 of 3rd period - Stopped by Chad Johnson without a rebound.
7:53 of 3rd period - Eric Staal wins face-off versus Matt Stajan in Canucks zone.
9:40 of 3rd period - Penalty to Tomas Plekanec is over, Tomas Plekanec is back on ice.
9:51 of 3rd period - Slapshot by Colin Wilson.
9:51 of 3rd period - Shot Misses the Net.
9:53 of 3rd period - Slapshot by Colin Wilson.
9:53 of 3rd period - Stopped by Chad Johnson without a rebound.
9:54 of 3rd period - David Jones wins face-off versus Colin Wilson in Canucks zone.
10:05 of 3rd period - Snap shot by Colin Wilson.
10:05 of 3rd period - Goal by Colin Wilson - Canucks : 3 - Flames : 4.
10:06 of 3rd period - Matt Stajan wins face-off versus Alexander Semin in neutral zone.
10:31 of 3rd period - Jordin Tootoo is hit by Alex Goligoski and loses puck.
10:40 of 3rd period - Slapshot by Jordin Tootoo.
10:40 of 3rd period - Stopped by Chad Johnson with a rebound.
11:29 of 3rd period - Slapshot by Erik Johnson.
11:29 of 3rd period - Shot Blocked by Matt Stajan.
11:35 of 3rd period - Snap shot by Craig Adams.
11:35 of 3rd period - Shot Blocked by Jaromir Jagr.
12:09 of 3rd period - Joe Corvo is hit by David Jones and loses puck.
12:28 of 3rd period - Slapshot by Filip Kuba.
12:28 of 3rd period - Stopped by Chad Johnson with a rebound.
12:30 of 3rd period - Wrist shot by Alexander Semin.
12:30 of 3rd period - Stopped by Chad Johnson with a rebound.
13:25 of 3rd period - Steve Eminger is hit by Peter Worrell.
13:31 of 3rd period - Snap shot by Peter Worrell.
13:31 of 3rd period - Stopped by Pekka Rinne with a rebound.
14:06 of 3rd period - Off-side.
14:07 of 3rd period - Tomas Plekanec wins face-off versus Eric Staal in neutral zone.
14:12 of 3rd period - Snap shot by Nikolai Zherdev.
14:12 of 3rd period - Stopped by Pekka Rinne without a rebound.
14:13 of 3rd period - Eric Staal wins face-off versus Nikolai Zherdev in Flames zone.
14:19 of 3rd period - Off-side.
14:20 of 3rd period - Nikolai Zherdev wins face-off versus Eric Staal in neutral zone.
14:45 of 3rd period - Steve Eminger is hit by Alex Tanguay and loses puck.
14:54 of 3rd period - Snap shot by Maxim Lapierre.
14:54 of 3rd period - Shot Hit the Post.
15:00 of 3rd period - Minor Penalty to Jordin Tootoo for Holding.
15:01 of 3rd period - Craig Adams wins face-off versus Matt Stajan in Flames zone.
15:49 of 3rd period - Icing by Jaromir Jagr.
15:50 of 3rd period - Eric Staal wins face-off versus Matt Stajan in Canucks zone.
16:23 of 3rd period - Slapshot by Alex Goligoski.
16:23 of 3rd period - Stopped by Pekka Rinne with a rebound.
17:00 of 3rd period - Penalty to Jordin Tootoo is over, Jordin Tootoo is back on ice.
17:13 of 3rd period - Slapshot by Maxim Lapierre.
17:13 of 3rd period - Stopped by Pekka Rinne without a rebound.
17:14 of 3rd period - Maxim Lapierre wins face-off versus Patrik Berglund in Flames zone.
18:02 of 3rd period - Sami Lepisto is hit by David Backes and loses puck.
18:17 of 3rd period - Tom Poti is hit by Steve Regier and loses puck.
18:50 of 3rd period - Icing by Tomas Plekanec.
18:51 of 3rd period - Clarke MacArthur wins face-off versus Eric Staal in Canucks zone.
18:56 of 3rd period - Filip Kuba is hit by Jaromir Jagr and loses puck.
19:40 of 3rd period - Snap shot by Eric Staal.
19:40 of 3rd period - Deflect By Alexander Semin.
19:40 of 3rd period - Shot Misses the Net.
19:40 of 3rd period - Puck is out of play.
19:41 of 3rd period - John Tortorella call a timeout for Canucks.
19:41 of 3rd period - Matt Stajan wins face-off versus Eric Staal in Canucks zone.
19:41 of 3rd period - Matt Stajan is hit by Alexander Semin.
Goals for this period are 1 for Canucks vs 2 for Flames.
Shots for this period are 11 for Canucks vs 10 for Flames.


Output by the SimonT Hockey Simulator (STHS) for François Prévost -- Original Page W3C XHTML 1.0 Valid
Hockey Simulator - Hockey Simulation - Hockey Manager